 Dungeon Crawl Stone Soup version 0.31-a0-632-g766dd24fdf (webtiles) character file.

Game seed: 7115820372824324300

619 avis the Cleaver (level 7, -5/52 (60) HPs)
             Began as a Hill Orc Monk on Aug 25, 2023.
             Was a Believer of Beogh.
             Slain by a wight
             ... wielding a +4 dire flail
              (8 damage)
             ... on level 4 of the Dungeon.
             The game lasted 00:17:56 (4062 turns).

avis the Cleaver (Hill Orc Monk)                    Turns: 4062, Time: 00:17:57

HP:   -5/52 (60)    AC:  6    Str: 16    XL:     7   Next: 46%
MP:   16/16         EV: 11    Int: 10    God:    Beogh [**....]
Gold: 185           SH:  0    Dex: 13    Spells: 6/6 levels left

rFire   . . .        a - +1 war axe (elec)
rCold   . . .        (no shield)
rNeg    . . .        u - +0 ring mail
rPois   .            s - +0 helmet
rElec   .            (no cloak)
rCorr   .            (no gloves)
SInv    .            (no boots)
Will    .....        (no amulet)
Stlth   +            n - ring of magical power
HPRegen 0.28/turn    (no ring)
MPRegen 0.15/turn

%: no passive effects
@: hasted, heavily drained, very quick
A: no striking features
a: Renounce Religion, Smiting


You were on level 4 of the Dungeon.
You worshipped Beogh.
Beogh was pleased with you.
You visited 1 branch of the dungeon, and saw 4 of its levels.

You collected 185 gold pieces.

Inventory:

Hand Weapons
 a - a +1 war axe of electrocution (weapon)
 b - a +0 orcbow
 c - a +0 spear
 f - a +0 spear
 i - a +0 spear
 j - a +0 spear
 p - a +1 dagger of draining
 v - a +0 dagger of flaming
 w - a +1 dagger of venom
 y - a +0 hand axe
 B - a +0 halberd
 D - a +0 sling
Missiles
 g - 14 poisoned darts
Armour
 d - an orb of light
 s - a +0 helmet (worn)
 u - a +0 ring mail (worn)
Jewellery
 n - a ring of magical power (left hand)
Scrolls
 e - 4 scrolls of teleportation {unknown}
 l - 7 scrolls of identify {unknown}
 x - a scroll of silence {unknown}
 z - a scroll of enchant armour {unknown}
 C - a scroll of summoning {unknown}
Potions
 h - 2 potions of haste
 k - 3 potions of lignification {unknown}
 m - 2 potions of degeneration {unknown}
 o - a potion of heal wounds {unknown}
 q - a potion of attraction {unknown}
 r - 3 potions of mutation {unknown}
 t - a potion of magic {unknown}
 A - a potion of enlightenment {unknown}


   Skills:
 + Level 4.9 Fighting
 * Level 10.4 Axes
 - Level 2.4 Dodging


You had 6 spell levels left.
You didn't know any spells.
Your spell library contained the following spells:

 Spells                   Type           Power      Damage    Failure   Level
 Lesser Beckoning         Tloc           0%         N/A       73%         2
 Gell's Gravitas          Tloc           0%         N/A       91%         3
 Stone Arrow              Conj/Erth      0%         3d7       91%         3
 Teleport Other           Tloc           0%         N/A       91%         3
 Animate Armour           Summ/Erth      0%         N/A       100%        4
 Lehudib's Crystal Spear  Conj/Erth      0%         10d2      100%        8


Dungeon Overview and Level Annotations

Branches:
Dungeon (4/15)
 Temple: D:4-7

Altars:
Nemelex Xobeh


Message History

You shoot an arrow. The arrow hits the wight!
The wight is heavily damaged.
You hear the crackle of electricity.
a - a +1 war axe of electrocution (weapon)
You hit the wight.
The wight is severely damaged.
The wight hits you with a +4 scimitar!
You completely miss the wight.
The wight is severely damaged.
The wight hits you with a +4 scimitar.
The wight hits you from afar with a +0 spear.
You feel drained.
You slash the wight! Lightning courses through the wight!!
You destroy the wight!
Beogh accepts your kill.
The wight hits you from afar with a +0 spear!
You feel drained.
You hit the wight but do no damage. The wight closely misses you.
The wight hits you from afar with a +0 spear.
You feel drained.
You slash the wight!
The wight is heavily damaged.
The wight hits you with a +4 dire flail.
You feel drained. The wight closely misses you.
You closely miss the wight.
The wight is heavily damaged.
The wight hits you but does no damage.
The wight hits you from afar with a +0 spear.
* * * LOW HITPOINT WARNING * * *
You feel drained.
* * * LOW HITPOINT WARNING * * *
The wight attacks as it pursues you!
The wight hits you with a +4 dire flail!
* * * LOW HITPOINT WARNING * * *
You feel drained.
* * * LOW HITPOINT WARNING * * *
The wight attacks as it pursues you! The wight closely misses you.
It was a potion of haste.
You feel yourself speed up.
The wight hits you with a +4 dire flail!
You die...

.....>....# ..........#
..........#
######..#############
#########..###.##..##.#.
..........))...#........
...............#.......#
...............'.......#
.###@##.#######..####
########z##†###.###).####
......)z.#.......'.......
?.....#..+.......#.......
#.... #'###..)...#.......
#... #..##..############
#.. ##..##..##..##..####
.. #.....^............. .
#...................


You could see 2 wights.

Vanquished Creatures
  2 black bears
  A gnoll sergeant (D:3)
  A wight (D:4)
  A hound (D:3)
  An orc priest (D:3)
  2 orc wizards (D:4)
  8 adders
  5 gnolls
  3 worms
  5 dart slugs
  5 orcs
  6 endoplasms
  4 giant cockroaches
  10 goblins
  9 hobgoblins
  4 quokkas
  10 ball pythons
  4 bats
  3 frilled lizards
  9 kobolds
  4 rats
97 creatures vanquished.

Vanquished Creatures (others)
  An orc priest (D:4)
1 creature vanquished.

Grand Total: 98 creatures vanquished

Notes
Turn   | Place    | Note
-------+----------+-------------------------------------------
     0 | D:1      | avis the Hill Orc Monk began the quest for the Orb.
     0 | D:1      | Reached XP level 1. HP: 19/19 MP: 1/1
   112 | D:1      | Reached XP level 2. HP: 26/26 MP: 2/2
   146 | D:1      | Reached skill level 5 in Axes
   169 | D:1      | Reached XP level 3. HP: 28/31 MP: 3/3
  1027 | D:2      | Reached skill level 6 in Axes
  1119 | D:2      | Reached XP level 4. HP: 39/39 MP: 4/4
  1742 | D:3      | Reached skill level 7 in Axes
  1793 | D:3      | Reached XP level 5. HP: 42/45 MP: 5/5
  2386 | D:3      | Found a sparkling altar of Nemelex Xobeh.
  2424 | D:3      | Reached skill level 8 in Axes
  3199 | D:4      | Noticed a black bear
  3417 | D:3      | Reached XP level 6. HP: 52/52 MP: 6/6
  3521 | D:4      | Became a worshipper of Beogh the Brigand
  3521 | D:4      | Reached * piety under Beogh
  3521 | D:4      | Reached ** piety under Beogh
  3645 | D:3      | Killed a black bear
  3646 | D:3      | Reached skill level 9 in Axes
  3837 | D:4      | Noticed a black bear
  3847 | D:4      | Killed a black bear
  3848 | D:4      | Reached skill level 10 in Axes
  3848 | D:4      | Reached XP level 7. HP: 56/60 MP: 7/7
  4062 | D:4      | Slain by a wight

Illustrated notes

Levels and vault maps discovered:
D:1:      reono_arrival_mine, layout_loops_ring, minmay_misc_feat_plants,
          minmay_ruptured
D:2:      layout_basic
D:3:      minmay_evil_eye, layout_basic, nemelex_spade_bored_becter
D:4:      layout_gridville, minmay_misc_feat_room, roderic_batcave

Skill      XL: |  1  2  3  4  5  6 |
---------------+-------------------+-----
Axes           | 5 6 7 8 10 | 10.4
Fighting       | 4 |  4.9
Dodging        | |  2.4

Action                     |  1- 3 |  4- 6 |  7- 9 || total
---------------------------+-------+-------+-------++-------
  Melee: Hand axe          |    63 |    60 |       ||   123
         War axe           |       |    44 |    21 ||    65
   Fire: Sling             |    38 |    82 |     3 ||   123
         Orcbow            |       |       |     6 ||     6
 Invoke: Convert to Beogh  |       |     1 |       ||     1
    Use: Potion            |       |     1 |     1 ||     2
 Armour: Robe              |    13 |     1 |       ||    14
         Ring mail         |       |    54 |     5 ||    59
  Dodge: Dodged            |    49 |    75 |     7 ||   131

Table legend: (Time is in decaauts)
 A = Elapsed time spent in this place.
 B = Non-inter-level travel time spent in this place.
 C = Inter-level travel time spent in this place.
 D = Time resting spent in this place.
 E = Time spent auto-exploring this place.
 F = Levels seen in this place.
 G = Mean time per level.
                   A        B        C        D        E       F      G
               +--------+--------+--------+--------+--------+-----+--------+
         Total |   4088 |   3653 |    435 |   1085 |   1560 |   4 | 1022.0 |
       Dungeon |   4088 |   3653 |    435 |   1085 |   1560 |   4 | 1022.0 |
               +--------+--------+--------+--------+--------+-----+--------+

Top non-repeatable levels by time:
     D:3: 2093 daAuts
     D:1: 886 daAuts
     D:2: 808 daAuts
     D:4: 300 daAuts
